 Dungeon Crawl Stone Soup version 0.30-a0-476-g330ca2eb8e (webtiles) character file.

Game seed: 6143237623475342976

67 Sabo the Covered (level 4, -3/40 HPs)
             Began as an Armataur Fighter on Dec 21, 2022.
             Was an Initiate of Gozag.
             Slain by a sky beast (6 damage)
             ... on level 3 of the Dungeon.
             The game lasted 00:10:10 (2182 turns).

Sabo the Covered (Armataur Fighter)                 Turns: 2182, Time: 00:10:12

Health: -3/40      AC: 12    Str: 24    XL:     4   Next: 0%
Magic:  4/4        EV:  4    Int:  8    God:    Gozag
Gold:   121        SH:  4    Dex:  9    Spells: 3/3 levels left

rFire   . . .      SeeInvis .    a - +0 war axe
rCold   . . .      Faith    .    c - +0 buckler
rNeg    . . .      Spirit   .    p - +0 plate armour
rPois   .          Reflect  .    l - +0 helmet
rElec   .          Harm     .    (no cloak)
rCorr   .          Roll     +    o - +0 pair of gloves
Will    .....                    (no barding)
Stlth   ..........               (no amulet)
HPRegen 0.26/turn                (no ring)
MPRegen 0.09/turn                (no ring)

@: no status effects
A: large, rugged brown scales 3, deformed body, armoured tail, roll, long
tongue, awkward tongue
a: Renounce Religion, Potion Petition, Call Merchant, Bribe Branch


You were on level 3 of the Dungeon.
You worshipped Gozag.
Gozag was aware of your devotion.
You visited 1 branch of the dungeon, and saw 3 of its levels.

You collected 156 gold pieces.
You paid 35 gold pieces to Gozag.

Inventory:

Hand Weapons
 a - a +0 war axe (weapon)
 n - a +0 sling
Armour
 c - a +0 buckler (worn)
 l - a +0 helmet (worn)
 o - a +0 pair of gloves (worn)
 p - a +0 plate armour (worn)
Jewellery
 k - a ring of fire
Scrolls
 e - 5 scrolls of teleportation
 g - a scroll of poison
 h - 3 scrolls of enchant weapon
 i - a scroll of fog {unknown}
 q - a scroll of magic mapping {unknown}
 s - a scroll of vulnerability {unknown}
Potions
 b - a potion of invisibility {unknown}
 d - 3 potions of might
 f - a potion of brilliance {unknown}
 j - 2 potions of ambrosia {unknown}
 m - a potion of haste {unknown}
 r - a potion of flight {unknown}


   Skills:
 + Level 3.2 Fighting
 + Level 2.5 Axes
 + Level 4.3 Armour
 + Level 3.5 Shields


You had 3 spell levels left.
You didn't know any spells.
Your spell library contained the following spells:

 Spells                   Type           Power      Damage    Failure   Level
 Summon Small Mammal      Summ           0%         N/A       100%        1
 Cigotuvi's Dreadful Rot  Necr/Pois/Air  0%         N/A       100%        2
 Call Canine Familiar     Summ           0%         N/A       100%        3
 Summon Guardian Golem    Hex/Summ       0%         N/A       100%        3
 Dispel Undead            Necr           0%         3d6       100%        4
 Death Channel            Necr           0%         N/A       100%        6
 Orb of Destruction       Conj           0%         9d5       100%        7
 Spellforged Servitor     Conj/Summ      0%         N/A       100%        7


Dungeon Overview and Level Annotations

Branches:
Dungeon (3/15)

Altars:
Gozag
Sif Muna


Innate Abilities, Weirdness & Mutations

You are completely covered in rugged brown scales. (AC +3, +7% HP)
Armour fits poorly on your strangely shaped body.
You have a long armoured tail.
You roll when moving toward enemies. (Rampage)
Your long tongue fully drains potion bottles. (2x potion effects)
Your tongue gives you trouble enunciating. (1.5x scroll delay)


Message History

You hit the sky beast.
The sky beast is moderately wounded.
The sky beast hits you. The sky beast shocks you.
You miss the sky beast.
The sky beast is moderately wounded.
The sky beast flickers out of sight!
Deactivating autopickup; reactivate with Ctrl-A.
Something hits you but does no damage.
You miss something. You block something's attack.
Something hits you but does no damage.
You hit something but do no damage. Something hits you. Something shocks you.
You closely miss something.
Your tail-slap misses something.
Something hits you. Something shocks you. Something hits you.
Something shocks you.
* * * LOW HITPOINT WARNING * * *
You closely miss something. Something hits you but does no damage.
You barely miss something. Something hits you but does no damage.
You completely miss something.
Something hits you but does no damage. x2
You barely miss something. Something hits you.
* * * LOW HITPOINT WARNING * * *
Something shocks you.
* * * LOW HITPOINT WARNING * * *
You miss something.
Your tail-slap misses something.
Something completely misses you. Something hits you but does no damage.
You miss something.
A sky beast appears from thin air!
Reactivating autopickup.
The sky beast hits you but does no damage.
You closely miss the sky beast.
Your tail-slap misses the sky beast.
The sky beast is lightly wounded.
The sky beast hits you but does no damage.
You completely miss the sky beast.
The sky beast is lightly wounded.
You block the sky beast's attack. The sky beast closely misses you.
You slash the sky beast!
Your tail-slap misses the sky beast.
The sky beast is moderately wounded.
The sky beast hits you.
* * * LOW HITPOINT WARNING * * *
The sky beast shocks you.
You die...
Your body crumbles into a pile of gold.

.. #.##....# #.........##
#.#####.##..#.#
##.......##
#.............# ##.....##
# ####..#..#.#### ##...##
#. ##..###...# ##'##
#.#.###..## ##..## #.#
........## +#..#
######.### #.###..## ##Y#
#........# #...##
+#.@####.###....# #....##
##...............#
####..###..#)####.##....^#
##..#.....# #.##.#.#.#
##...##### #.##.###.####
##### #............
#############


You could see a sky beast.

Vanquished Creatures
  2 adders (D:2)
  A worm (D:2)
  A dart slug (D:2)
  4 bats
  5 endoplasms
  2 giant cockroaches (D:1)
  2 goblins
  3 hobgoblins
  6 kobolds
  2 quokkas
  2 ball pythons
  6 frilled lizards
  8 rats
44 creatures vanquished.

Notes
Turn   | Place    | Note
-------+----------+-------------------------------------------
     0 | D:1      | Sabo the Armataur Fighter began the quest for the Orb.
     0 | D:1      | Reached XP level 1. HP: 19/19 MP: 1/1
   172 | D:1      | Reached skill level 4 in Armour
   172 | D:1      | Reached XP level 2. HP: 26/26 MP: 2/2
   902 | D:2      | Reached XP level 3. HP: 28/33 MP: 3/3
  1702 | D:2      | Found an opulent altar of Gozag.
  1877 | D:2      | Became a worshipper of Gozag Ym Sagoz the Greedy
  2152 | D:3      | Reached XP level 4. HP: 40/40 MP: 4/4
  2155 | D:3      | Found a shimmering blue altar of Sif Muna.
  2158 | D:3      | Noticed a sky beast
  2177 | D:3      | HP: 2/40 [something (5)]
  2182 | D:3      | Slain by a sky beast

Illustrated notes

Levels and vault maps discovered:
D:1:      elethiomel_arrival_diamonds, layout_basic
D:2:      layout_loops_corners, basic_altar
D:3:      layout_loops_corners, nemelex_diamond_rough_becter,
          mainiacjoe_overflow_alcove_2, corner_web_ring, kennysheep_doodads

Skill      XL: |  1  2  3 |
---------------+----------+-----
Armour         | 4 |  4.3
Fighting       | 3 |  3.2
Axes           | 2 |  2.5
Shields        | |  3.5

Action                   |  1- 3 |  4- 6 || total
-------------------------+-------+-------++-------
Melee: War axe           |   106 |    15 ||   121
       Tailslap          |    14 |       ||    14
  Use: Scroll            |     3 |       ||     3
Armor: Scale mail        |    36 |       ||    36
       Plate armour      |    40 |    10 ||    50
Dodge: Dodged            |    38 |     2 ||    40
Block: Buckler           |    22 |     2 ||    24

Table legend: (Time is in decaauts)
 A = Elapsed time spent in this place.
 B = Non-inter-level travel time spent in this place.
 C = Inter-level travel time spent in this place.
 D = Time resting spent in this place.
 E = Time spent auto-exploring this place.
 F = Levels seen in this place.
 G = Mean time per level.
                   A        B        C        D        E       F      G
               +--------+--------+--------+--------+--------+-----+--------+
         Total |   2234 |   2234 |      0 |    189 |      0 |   3 |  744.7 |
       Dungeon |   2234 |   2234 |      0 |    189 |      0 |   3 |  744.7 |
               +--------+--------+--------+--------+--------+-----+--------+

Top non-repeatable levels by time:
     D:2: 1065 daAuts
     D:1: 921 daAuts
     D:3: 247 daAuts
